 Zot Defence DCSS version 0.15.2 (webtiles) character file.

28585 LunaticDancer the Nimble (level 13, -7/124 (133) HPs)
             Began as a Troll Warper on Nov 22, 2018.
             Was an Elder of Jiyva.
             Killed by the air
             ... invoked by a wind drake
              (18 damage)
             ... in the Realm of Zot (Scenario I: Hall of Zot).
             The game lasted 01:07:20 (2557 turns).

LunaticDancer the Nimble (Troll Warper)             Turns: 2557, Time: 01:07:20

HP  -7/124 (133) AC  5     Str 25      XL: 13   Next: 10%
MP   0/11        EV 16     Int 10      God: Jiyva [****..]
Gold 0           SH  0     Dex 11      Spells:  3 memorised,  9 levels left

rFire  . . .     SeeInvis .       - Unarmed
rCold  + . .     Clarity  .     b - +0 robe
rNeg   . . .     rCorr    +     (shield restricted)
rPois  .         rRot     .     (helmet restricted)
rElec  .         Spirit   .     (no cloak)
SustAb .         Warding  .     (gloves unavailable)
rMut   .         Stasis   .     (boots unavailable)
Gourm  +                        (no amulet)
MR     .....                    (no ring)
                                (no ring)

@: not resistant to hostile enchantments, very unstealthy
A: unfitting armour, claws 3, blink 1, clever 1, cold resistance 1, deformed
body, deterioration 1, fast metabolism 3, gourmand, regeneration 2, saprovore 2,
shaggy fur 1, tough skin 2, gelatinous body 2, tendrils, jelly absorbing
missiles
a: Make oklob sapling, Make arrow trap, Make plant, Remove Curse, Make burning
bush, Make altar, Make grenades, Make oklob plant, Make net trap, Make ice
statue, Make spear trap, Make alarm trap, Make mushroom circle, Make bolt trap,
Blink, Request Jelly, Jelly Paralyse, Slimify, Renounce Religion


You were in the Realm of Zot.
You worshipped Jiyva.
Jiyva was greatly pleased with you.
You were not hungry.

You visited 1 branch

Inventory:

Missiles
 e - 5 tomahawks of dispersal (quivered)
Armour
 b - a +0 robe (worn)
Comestibles
 f - 2 meat rations
Scrolls
 d - 2 scrolls of blinking
Potions
 a - 3 potions of curing
 g - a potion of heal wounds
 h - a potion of haste
 i - 2 potions of magic
 j - a potion of berserk rage
Books
 c - a book of Spatial Translocations

   Spells                             Type                      Level
   *Apportation                       Translocation                1
   *Blink                             Translocation                2
   Shroud of Golubria                 Charms/Translocation         2
   Portal Projectile                  Translocation                3
   *Teleport Other                    Translocation                3
   Passage of Golubria                Translocation                4


   Skills:
 + Level 9.9 Fighting
 + Level 1.0 Throwing
 + Level 12.5 Dodging
 + Level 11.6 Unarmed Combat
 + Level 1.9 Spellcasting
 + Level 3.5 Translocations


You had 9 spell levels left.
You knew the following spells:

 Your Spells              Type           Power        Failure   Level  Hunger
a - Apportation           Tloc           #.........   10%         1    ##.....
b - Blink                 Tloc           N/A          12%         2    ###....
c - Teleport Other        Tloc           #.......     21%         3    ####...


Dungeon Overview and Level Annotations

Branches:
    Zot (1/1)

Altars:
Jiyva


Innate Abilities, Weirdness & Mutations

You are too large for most types of armour.
You have claws for hands.
Your metabolism is lightning-fast.
You like to eat raw meat.
You heal very quickly.
You can eat rotten meat.
You are covered in fur (AC +1).
You have very tough skin (AC +2).
You can translocate small distances at will.
Your mind is acute. (Int +2)
Your flesh is cold resistant.
Armour fits poorly on your strangely shaped body.
Your body is slowly deteriorating.
Your pliable body absorbs attacks (AC +1, EV +1).
Thin tendrils of slime have grown from your body.
You have a small jelly attached to you that may absorb incoming projectiles.


Message History

Your oklob plant spits acid at the merfolk.
The splash of acid hits the merfolk.
Things that are here:
the Orb of Zot; a tomahawk Use which ability? (? or * to list)
The jelly hits your oklob plant but does no damage. x2
The wind drake exhales a fierce blast of wind!
The jellies are blown away by the wind.
Your oklob plant spits acid at the merfolk.
The splash of acid hits the merfolk.
The merfolk throws a tomahawk.
The tomahawk hits the jelly.
The slime creature hits the merfolk! x2
The merfolk hits the slime creature with a trident!
The jelly hits your oklob plant.
Your oklob plant is splashed with acid.
The jelly hits your ice statue.
Your ice statue is splashed with acid.
The slime creature misses the merfolk.
The jelly hits the merfolk.
The merfolk is splashed with acid.
The wind drake flaps its wings at you. The air twists around and strikes you!
You die...

▓▓▓▓▓▓▓▓ ▓▓▓▓▓▓▓▓ ....▓▓▓▓
▓▓▓▓.... .......▓▓▓ ▓▓▓.......
.........▓▓ ▓▓.........
..........▓ ▓▓▓▓▓▓▓▓▓ ▓..........
..........▓▓▓P8P8P8P▓▓▓..........
..........▓▓...JJ.JJJ▓▓..........
........PP▓..JJJY(....▓_.........
............JmJY@Y.k..(..........
..........▓...JYYY..J.▓(.........
..........▓▓P..JJJ..J▓▓..........
..........▓▓▓P8P8P8P▓▓▓..........
..........# ▓▓▓▓▓▓▓▓▓ #..........
.........## ##...K.....
.......### ###....... ....####
####.... ######### #########


You could see a wind drake, a merfolk, 6 neutral slime creatures (fellow slime),
10 neutral jellies (fellow slime), 6 friendly ice statues, 10 friendly oklob
plants, 6 friendly ice beasts and a friendly oklob sapling.

Vanquished Creatures
  Pikel (Zot)
  A spiny frog (Zot)
  A two-headed ogre (Zot)
  A raven (Zot)
  A tarantella (shapeshifter) (Zot)
  A necrophage (Zot)
  2 gnoll sergeants (Zot)
  A phantom (Zot)
  4 giant frogs (Zot)
  A worker ant (Zot)
  Ijyb (Zot)
  4 adders (Zot)
  2 gnolls (Zot)
  2 worms (Zot)
  4 bats (Zot)
  4 goblins (Zot)
  A quokka (Zot)
  2 giant newts (Zot)
  2 kobolds (Zot)
  An orc skeleton (Zot)
  5 rats (Zot)
42 creatures vanquished.

Vanquished Creatures (collateral kills)
  Nikola (Zot)
  Louise (Zot)
  2 alligators (Zot)
  A two-headed ogre (Zot)
  A spiny frog (Zot)
  A tengu conjurer (Zot)
  3 wind drakes (Zot)
  7 merfolk (Zot)
  Prince Ribbit (Zot)
  4 ravens (Zot)
  A baby alligator (Zot)
  A deep elf fighter (Zot)
  A yak (Zot)
  A wyvern (Zot)
  2 ogres (Zot)
  2 vampire mosquitoes (Zot)
  A giant frog (Zot)
  2 insubstantial wisps (Zot)
  A gnoll shaman (Zot)
  An orc priest (Zot)
  4 wights (Zot)
  4 jellies (Zot)
  2 iguanas (Zot)
  4 worker ants (Zot)
  2 sheep (Zot)
  Terence (Zot)
  3 gnolls (Zot)
  3 adders (Zot)
  2 green rats (Zot)
  A shadow imp (Zot)
  A giant mite (Zot)
  A worm (Zot)
  A giant gecko (Zot)
  3 orcs (Zot)
  6 bats (Zot)
  4 goblins (Zot)
  7 hobgoblins (Zot)
  2 jackals (Zot)
  A ball python (Zot)
  A giant cockroach (Zot)
  4 kobolds (Zot)
  5 rats (Zot)
97 creatures vanquished.

Vanquished Creatures (others)
  3 tengu warriors (Zot)
  2 hill giants (Zot)
  An unseen horror (shapeshifter) (Zot)
  A wyvern (Zot)
  5 oklob plants (Zot)
  A polar bear (Zot)
  A water elemental (Zot)
  5 merfolk (Zot)
  A tengu conjurer (Zot)
  2 baby alligators (Zot)
  A burning bush (Zot)
  3 ravens (Zot)
  3 two-headed ogres (Zot)
  19 slime creatures (Zot)
  4 yaks (Zot)
  Purgy (Zot)
  A deep elf mage (Zot)
  A vampire (Zot)
  5 vampire mosquitoes (Zot)
  2 water moccasins (Zot)
  A phantom (Zot)
  9 black bears (Zot)
  A sky beast (Zot)
  6 ice beasts (Zot)
  A manticore skeleton (Zot)
  7 ogres (Zot)
  A centaur (Zot)
  6 giant frogs (Zot)
  A gnoll sergeant (Zot)
  9 insubstantial wisps (Zot)
  2 scorpions (Zot)
  3 oklob saplings (Zot)
  160 jellies (Zot)
  A giant frog skeleton (Zot)
  6 wights (Zot)
  A troll skeleton (Zot)
  A kobold zombie (Zot)
  A hound (Zot)
  A gnoll shaman (Zot)
  2 orc priests (Zot)
  2 orc wizards (Zot)
  2 iguanas (Zot)
  9 worker ants (Zot)
  2 sheep (Zot)
  Jessica (Zot)
  3 gnolls (Zot)
  5 adders (Zot)
  A green rat (Zot)
  4 giant mites (Zot)
  An iguana skeleton (Zot)
  2 giant geckos (Zot)
  3 oozes (Zot)
  13 orcs (Zot)
  A ball python (Zot)
  6 goblins (Zot)
  3 hobgoblins (Zot)
  6 jackals (Zot)
  5 quokkas (Zot)
  2 bats (Zot)
  3 giant cockroaches (Zot)
  2 giant newts (Zot)
  A giant spore (Zot)
  A kobold (Zot)
  6 rats (Zot)
366 creatures vanquished.

Grand Total: 505 creatures vanquished

Notes
Turn   | Place    | Note
--------------------------------------------------------------
     0 | Zot      | LunaticDancer, the Troll Warper, began the quest for the Orb.
     0 | Zot      | Reached XP level 1. HP: 19/19 MP: 2/2
   219 | Zot      | Reached XP level 2. HP: 28/28 MP: 2/2
   253 | Zot      | Reached XP level 3. HP: 6/35 MP: 3/3
   341 | Zot      | Noticed Biubb
   346 | Zot      | Learned a level 2 spell: Blink
   366 | Zot      | Killed Biubb the necrophage
   366 | Zot      | Reached skill level 3 in Dodging
   366 | Zot      | Reached XP level 4. HP: 8/40 MP: 3/4
   366 | Zot      | Reached XP level 5. HP: 9/46 MP: 3/4
   366 | Zot      | Reached XP level 6. HP: 10/55 MP: 4/6
   410 | Zot      | Became a worshipper of Jiyva Joix the Shapeless
   424 | Zot      | Acquired Jiyva's first power
   541 | Zot      | Noticed Terence
   541 | Zot      | Acquired Jiyva's second power
   550 | Zot      | Killed Terence
   629 | Zot      | Killed Jessica
   719 | Zot      | Reached skill level 4 in Dodging
   806 | Zot      | Reached XP level 7. HP: 57/57 MP: 6/6
   817 | Zot      | Reached skill level 1 in Throwing
   819 | Zot      | Gained mutation: Your flesh is cold resistant. [Jiyva's grace]
   883 | Zot      | Learned a level 3 spell: Teleport Other
   957 | Zot      | Noticed Ijyb
   970 | Zot      | Killed Ijyb
   971 | Zot      | Acquired Jiyva's third power
   981 | Zot      | Reached skill level 5 in Dodging
  1101 | Zot      | Reached XP level 8. HP: 67/67 MP: 7/7
  1106 | Zot      | Noticed a spiny frog
  1111 | Zot      | Killed a spiny frog
  1111 | Zot      | Reached skill level 5 in Unarmed Combat
  1119 | Zot      | Noticed a spiny frog
  1122 | Zot      | Reached skill level 6 in Dodging
  1131 | Zot      | Killed a spiny frog
  1131 | Zot      | Reached XP level 9. HP: 37/78 MP: 1/8
  1135 | Zot      | Noticed Prince Ribbit
  1138 | Zot      | Killed Prince Ribbit
  1138 | Zot      | Reached skill level 5 in Fighting
  1230 | Zot      | Gained mutation: You have a pair of small horns on your head. [Jiyva's grace]
  1257 | Zot      | Reached skill level 7 in Dodging
  1414 | Zot      | Gained mutation: Your body is partially covered in golden eyeballs (Acc +3). [Jiyva's grace]
  1444 | Zot      | Noticed Pluefac
  1455 | Zot      | Killed Pluefac the hill giant
  1455 | Zot      | Reached skill level 8 in Dodging
  1455 | Zot      | Reached XP level 10. HP: 89/89 MP: 2/9
  1644 | Zot      | Reached skill level 9 in Dodging
  1646 | Zot      | HP: 2/91 [merfolk/trident (21)]
  1647 | Zot      | Noticed Purgy
  1651 | Zot      | Gained mutation: Your mind is acute. (Int +2) [Jiyva's grace]
  1655 | Zot      | Killed Purgy
  1739 | Zot      | Gained mutation: You can translocate small distances at will. [Jiyva's grace]
  1826 | Zot      | Reached XP level 11. HP: 70/100 MP: 1/9
  1845 | Zot      | Lost mutation: Your body is partially covered in golden eyeballs (Acc +3). [Jiyva's grace]
  1940 | Zot      | Noticed Pikel
  1949 | Zot      | Killed Pikel
  1949 | Zot      | Reached skill level 10 in Dodging
  2095 | Zot      | Gained mutation: You have a small jelly attached to you that may absorb incoming projectiles. [Jiyva's grace]
  2138 | Zot      | Gained mutation: Your body is slowly deteriorating. [Jiyva's grace]
  2144 | Zot      | Killed a tengu warrior
  2227 | Zot      | Noticed a hill giant
  2241 | Zot      | Killed a hill giant
  2241 | Zot      | Reached skill level 10 in Unarmed Combat
  2256 | Zot      | Killed an unseen horror
  2256 | Zot      | Reached skill level 11 in Dodging
  2265 | Zot      | Lost mutation: You have a pair of small horns on your head. [Jiyva's grace]
  2294 | Zot      | Reached XP level 12. HP: 113/113 MP: 2/11
  2319 | Zot      | Noticed an alligator
  2326 | Zot      | Killed an alligator
  2351 | Zot      | Noticed Louise
  2360 | Zot      | Killed Louise
  2386 | Zot      | Gained mutation: Your rubbery body absorbs attacks (AC +1). [Jiyva's grace]
  2414 | Zot      | Gained mutation: Your pliable body absorbs attacks (AC +1, EV +1). [Jiyva's grace]
  2415 | Zot      | Reached skill level 12 in Dodging
  2418 | Zot      | Acquired Jiyva's fourth power
  2424 | Zot      | Gained mutation: Armour fits poorly on your strangely shaped body. [Jiyva's grace]
  2439 | Zot      | Noticed Nikola
  2451 | Zot      | Killed Nikola
  2451 | Zot      | Reached XP level 13. HP: 33/123 MP: 1/11
  2553 | Zot      | Gained mutation: Thin tendrils of slime have grown from your body. [Jiyva's grace]
  2557 | Zot      | Killed from afar by a wind drake

Action                   |  1- 3 |  4- 6 |  7- 9 | 10-12 | 13-15 || total
-------------------------+-------+-------+-------+-------+-------++-------
Melee: Unarmed           |    58 |    15 |    49 |    25 |       ||   147
Invok: Request Jelly     |       |       |    32 |    83 |    17 ||   132
 Abil: Make oklob saplin |     2 |     2 |       |       |       ||     4
       Make altar        |       |     1 |       |       |       ||     1
       Make oklob plant  |       |       |     5 |     3 |     7 ||    15
       Make burning bush |       |       |     1 |       |       ||     1
       Make ice statue   |       |       |       |     5 |     1 ||     6
 Stab: Distracted        |     1 |       |     1 |     2 |       ||     4
       Confused          |       |       |       |     1 |       ||     1
